 Dungeon Crawl Stone Soup version 0.28.0-53-g5a82cb258f (webtiles) character file.

Game seed: 974498567937117227

5 jamesblauser the Skirmisher (level 1, -1/19 HPs)
             Began as a Draconian Chaos Knight on Nov 5, 2022.
             Was a Plaything of Xom.
             Slain by an adder (2 damage)
             ... on level 2 of the Dungeon.
             The game lasted 00:01:44 (137 turns).

jamesblauser the Skirmisher (Draconian Chaos Knight) Turns: 137, Time: 00:01:45

Health: -1/19      AC:  4    Str: 14    XL:     1   Next: 66%
Magic:  1/1        EV:  9    Int: 12    God:    Xom [..*...]
Gold:   9          SH:  0    Dex: 10    Spells: 0/0 levels left

rFire   . . .      SeeInvis .   a - +0 mace (chaos)
rCold   . . .      Faith    .   (no shield)
rNeg    . . .      Spirit   .   (armour unavailable)
rPois   .          Reflect  .   (helmet restricted)
rElec   .          Harm     .   (no cloak)
rCorr   .          Rampage  .   (no gloves)
Will    .....                   (no boots)
Stlth   +.........              (no amulet)
HPRegen 0.06/turn               (no ring)
MPRegen 0.07/turn               (no ring)

@: constricted
A: AC +4, unfitting armour, cold-blooded
a: Renounce Religion


You were on level 2 of the Dungeon.
You worshipped Xom.
You were a toy of Xom.
You visited 1 branch of the dungeon, and saw 2 of its levels.

You collected 9 gold pieces.

Inventory:

Hand Weapons
 a - a +0 mace of chaos (weapon)
Potions
 b - a potion of haste {unknown}


   Skills:
 + Level 3.4 Fighting
 + Level 3.1 Maces & Flails
 + Level 2.2 Dodging


You couldn't memorise any spells.
You didn't know any spells.
Your spell library was empty.

Dungeon Overview and Level Annotations

Branches:
Dungeon (2/15)

Altars:

Shops:
D:1 :


Innate Abilities, Weirdness & Mutations

Your plain brown scales are hard. (AC +4)
You cannot fit into any form of body armour.
You are cold-blooded and may be slowed by cold attacks.


Message History

The kobold hits you with a +0 dagger.
* * * LOW HITPOINT WARNING * * *
The kobold closely misses you. The kobold hits you but does no damage.
The kobold closely misses you. The kobold closely misses you.
You closely miss the kobold. You tail-slap the kobold.
You kill the kobold!
There is an entrance to Tonaef's Book Shoppe here.
There is a stone staircase leading down here.
There is an entrance to Tonaef's Book Shoppe here.
There is a stone staircase leading down here.
You climb downwards.
The ball python hisses angrily.
Found a stone staircase leading down.
There is a stone staircase leading up here.
An adder comes into view.
Found 15 arrows and 16 gold pieces.
The adder barely misses you. The ball python bites you.
* * * LOW HITPOINT WARNING * * *
The ball python grabs you. The ball python constricts you.
You escape the ball python's grasp.
The adder misses you. The ball python barely misses you.
The ball python grabs you. The ball python constricts you.
You barely miss the ball python. The adder bites you.
* * * LOW HITPOINT WARNING * * *
The ball python barely misses you. The ball python constricts you.
The adder bites you but does no damage.
You hit the ball python. You freeze the ball python.
The ball python is severely wounded.
The ball python bites you.
* * * LOW HITPOINT WARNING * * *
The ball python constricts you. The adder bites you but does no damage.
The ball python bites you but does no damage.
The ball python constricts you. The adder barely misses you.
You barely miss the ball python.
The ball python is severely wounded.
The adder bites you.
You die...
Xom cackles wildly!

.# # .# #>
#.#### #. #.
#....$.
#..##.##.....##
#(....S@.......
#.......S....##
#.#####.#...##
#<#####
#........
#.####### #.#
... ###


You could see an adder and a ball python.

Vanquished Creatures
  An endoplasm (D:1)
  A goblin (D:1)
  3 kobolds (D:1)
5 creatures vanquished.

Notes
Turn   | Place    | Note
-------+----------+-------------------------------------------
     0 | D:1      | jamesblauser the Draconian Chaos Knight began the quest for
                  | the Orb.
     0 | D:1      | Reached XP level 1. HP: 19/19 MP: 1/1
    91 | D:1      | Found Tonaef's Book Shoppe.
   137 | D:2      | Slain by an adder

Illustrated notes

Levels and vault maps discovered:
D:1:      lemuel_arrival_room, layout_loops_ring, serial_shops, shop,
          moated_statue
D:2:      layout_loops_ring, basic_altar

Action                   || total
-------------------------++-------
Melee: Mace              ||    11
       Tailslap          ||     2
Armor: Skin              ||     8
Dodge: Dodged            ||    18
